 Dungeon Crawl Stone Soup version 0.30.1-4-g462c640d31 (webtiles) character file.

Game seed: 91647839638862554

10473 gohan83 the Protected (level 11, 0/102 HPs)
             Began as a Minotaur Berserker on Sept 16, 2023.
             Was a High Priest of Trog.
             Slain by Snorg (11 damage)
             ... on level 10 of the Dungeon.
             The game lasted 01:02:12 (9547 turns).

gohan83 the Protected (Minotaur Berserker)          Turns: 9547, Time: 01:02:13

Health: 0/102      AC: 20    Str: 31    XL:     11   Next: 36%
Magic:  10/10      EV:  8    Int:  4    God:    Trog [*****.]
Gold:   240        SH: 20    Dex: 11    Spells: 10/10 levels left

rFire   . . .        b - +1 hand axe
rCold   + . .        u - +2 tower shield
rNeg    . . .        J - +3 chain mail {rC+}
rPois   .            (helmet restricted)
rElec   .            o - +0 cloak
rCorr   .            y - +1 pair of gloves
SInv    .            (no boots)
Will    .....        l - amulet of reflection Stlth
                     g - +4 ring of slaying
HPRegen 0.37/turn    s - +6 ring of strength
MPRegen 0.12/turn

%: reflection
@: no status effects
A: horns 2, retaliatory headbutt
a: Renounce Religion, Berserk, Trog's Hand, Brothers in Arms


You were on level 10 of the Dungeon.
You worshipped Trog.
Trog was extremely pleased with you.
You visited 1 branch of the dungeon, and saw 10 of its levels.

You collected 712 gold pieces.
You spent 472 gold pieces at shops.

Inventory:

Hand Weapons
 a - a +0 morningstar
 b - a +1 hand axe (weapon)
 I - a +0 glaive of flaming
 M - a +2 spear of freezing
Missiles
 p - 3 boomerangs (quivered)
 t - 38 poisoned darts
 w - 9 javelins
Armour
 o - a +0 cloak (worn)
 u - a +2 tower shield (worn)
 y - a +1 pair of gloves (worn)
 A - +0 steam dragon scales
 J - a +3 chain mail of cold resistance (worn)
Jewellery
 g - a +4 ring of slaying (left hand)
 i - an amulet of regeneration
 l - an amulet of reflection (around neck)
 s - a +6 ring of strength (right hand)
 v - an amulet of guardian spirit
 G - an amulet of magic regeneration
 L - the necklace of Bloodlust {Fury *Rage Will++ Int-3 Slay+6}
   (You took it off an orc on level 9 of the Dungeon)

   [amulet of nothing]

   Fury:      It extends the wearer's berserk rage when killing foes.
   Int:       It affects your intelligence (-3).
   Slay:      It affects your accuracy & damage with ranged weapons and melee
   (+6).
   *Rage:     It berserks you when you make melee attacks (+50% chance).
   Will:      It greatly increases your willpower.
Wands
 x - a wand of light (8)
 z - a wand of paralysis (17)
 B - a wand of roots (11)
 C - a wand of flame (9)
Scrolls
 d - a scroll of teleportation {unknown}
 e - 2 scrolls of blinking {unknown}
 m - 2 scrolls of poison {unknown}
 n - a scroll of fear {unknown}
 q - a scroll of enchant weapon
 r - 2 scrolls of brand weapon {unknown}
 D - 2 scrolls of magic mapping {unknown}
 E - a scroll of immolation {unknown}
 F - 2 scrolls of fog {unknown}
Potions
 c - 2 potions of invisibility
 f - 4 potions of mutation
 h - 2 potions of curing
 j - a potion of might
 k - 5 potions of heal wounds
 H - a potion of haste
 K - 2 potions of ambrosia {unknown}


   Skills:
 + Level 11.1 Fighting
 - Level 11.9(12.0) Axes
 + Level 2.0(7.8) Maces & Flails
 + Level 13.6 Armour
 - Level 2.1 Dodging
 + Level 6.1 Shields
 * Level 0.0 Evocations


You had 10 spell levels left.
You didn't know any spells.
Your spell library was empty.

Dungeon Overview and Level Annotations

Branches:
Dungeon (10/15)            Temple (0/1) D:7             Orc (0/2) D:10
   Lair: D:8-11

Altars:
Elyvilon
Gozag
Makhleb
Sif Muna
Trog
Wu Jian
Xom
Zin

Shops:
D:3 [   D:6 *

Annotations:
D:10 Snorg


Innate Abilities, Weirdness & Mutations

You have a pair of horns on your head.
You reflexively headbutt those who attack you in melee.


Message History

The kobold barely misses you. Snorg closely misses you. x2
Snorg claws you but does no damage.
You completely miss Snorg. You slash the kobold!
You kill the kobold!
Trog accepts your kill.
You closely miss the kobold brigand. You block the kobold brigand's attack.
Snorg barely misses you. You block Snorg's attack. Snorg closely misses you.
You hit Snorg. You headbutt Snorg. You barely miss the kobold brigand.
You feel sick.
You block Snorg's attack. x2; Snorg barely misses you.
The kobold brigand hits you but does no damage.
You slash Snorg! Your headbutt misses Snorg. You hit the kobold brigand.
You feel sick. You block Snorg's attack. Snorg barely misses you.
You block Snorg's attack.
The kobold brigand hits you but does no damage.
Snorg bites you but does no damage. You block Snorg's attack.
Snorg claws you but does no damage.
You closely miss Snorg. You headbutt Snorg! You hit the kobold brigand.
You feel sick.
You are no longer poisoned.
You block Snorg's attack. Snorg claws you but does no damage.
You block Snorg's attack. The kobold brigand barely misses you.
You hit Snorg. Your headbutt misses Snorg. You hit the kobold brigand.
You block Snorg's attack. Snorg claws you but does no damage. Snorg claws you!
You block the kobold brigand's attack.
You slash Snorg! You headbutt Snorg. You closely miss the kobold brigand.
Snorg barely misses you. You furiously retaliate!
You headbutt Snorg! Snorg claws you but does no damage. Snorg claws you!
You block Snorg's attack. Snorg claws you but does no damage.
You block Snorg's attack.
The kobold brigand hits you but does no damage.
You slash Snorg! You hit the kobold brigand. You block Snorg's attack. x3
You slash Snorg! You headbutt Snorg. You hit the kobold brigand.
You block the kobold brigand's attack. Snorg bites you!!
* * * LOW HITPOINT WARNING * * *
Snorg claws you.
* * * LOW HITPOINT WARNING * * *
You block Snorg's attack.
You hit Snorg. You hit the kobold brigand. Snorg bites you!
* * * LOW HITPOINT WARNING * * *
Snorg claws you!
You die...

####### #8...8# #.....#
####### #.)>).####
....... #.))).#..#
....... #8)))8#..#
.......
######)###..#####T......
......).....##..@)......
##.#######..##.##K......
### #.(.>..'..# .......
#......#### .......
#......# .......
#.....<# .......
####'### ######+ ..#
####


You could see Snorg (berserk) and a kobold brigand.

Vanquished Creatures
  4 two-headed ogres
  Pikel (D:7)
  Psyche (D:8)
  A troll (D:10)
  A hornet (D:6)
  Prince Ribbit (D:7)
  Sigmund (D:2)
  15 yaks (D:8)
  3 wyverns
  A steam dragon (D:8)
  Menkaure (D:6)
  A water moccasin (D:5)
  Duvessa (D:7)
  An ice beast (D:7)
  3 orc warriors
  2 sky beasts
  A black bear (D:5)
  3 ogres
  2 centaurs
  2 lemures (D:7)
  6 kobold brigands
  5 gnoll sergeants (D:10)
  3 bullfrogs
  4 scorpions
  3 wights (D:8)
  Dowan (D:7)
  3 killer bees (D:8)
  3 jellies
  2 hounds
  2 gnoll boudas
  4 orc priests
  2 iguanas (D:5)
  4 sleepcaps
  9 orc wizards
  A mummy (D:7)
  9 gnolls
  8 adders
  A shadow imp (D:5)
  6 worms
  2 dart slugs
  38 orcs
  9 ball pythons
  8 bats
  12 endoplasms
  A giant cockroach (D:1)
  11 goblins
  7 hobgoblins
  8 jackals
  30 kobolds
  2 quokkas
  A frilled lizard (D:2)
  2 kobold zombies (D:7)
  3 rats
256 creatures vanquished.

Notes
Turn   | Place    | Note
-------+----------+-------------------------------------------
     0 | D:1      | gohan83 the Minotaur Berserker began the quest for the Orb.
     0 | D:1      | Reached XP level 1. HP: 19/19 MP: 0/0
   198 | D:1      | Reached XP level 2. HP: 27/27 MP: 1/1
   206 | D:1      | Reached skill level 3 in Armour
   685 | D:2      | Reached XP level 3. HP: 21/33 MP: 2/2
   685 | D:2      | Reached ** piety under Trog
   754 | D:2      | Noticed Sigmund
   766 | D:2      | Killed Sigmund
   767 | D:2      | Reached skill level 5 in Armour
   767 | D:2      | Reached XP level 4. HP: 30/41 MP: 3/3
   767 | D:2      | Reached XP level 5. HP: 34/47 MP: 4/4
  1022 | D:2      | Reached skill level 5 in Axes
  1150 | D:2      | Reached skill level 5 in Fighting
  1377 | D:3      | Found Vianim's Armour Shop.
  1506 | D:3      | Reached XP level 6. HP: 56/56 MP: 5/5
  1643 | D:3      | Reached *** piety under Trog
  1960 | D:4      | Reached skill level 6 in Armour
  2760 | D:4      | Found a white marble altar of Elyvilon.
  3184 | D:5      | Entered Level 5 of the Dungeon
  3195 | D:5      | Reached XP level 7. HP: 53/62 MP: 6/6
  3277 | D:5      | Reached skill level 7 in Armour
  3339 | D:5      | Found a bloodstained altar of Trog.
  3346 | D:5      | Found a glowing silver altar of Zin.
  3355 | D:5      | Found a shimmering blue altar of Sif Muna.
  3390 | D:5      | Reached **** piety under Trog
  3472 | D:5      | Found a burning altar of Makhleb.
  3620 | D:5      | Reached skill level 8 in Armour
  3650 | D:5      | Reached XP level 8. HP: 71/71 MP: 7/7
  4051 | D:6      | Reached skill level 9 in Armour
  4237 | D:6      | Noticed Menkaure
  4243 | D:6      | Killed Menkaure
  4618 | D:3      | Bought a +2 tower shield for 181 gold pieces
  4910 | D:6      | Found Fogyaty's Overcharged Wands.
  5040 | D:6      | Noticed a hornet
  5045 | D:6      | Paralysed by a hornet for 1 turns
  5047 | D:6      | Killed a hornet
  5048 | D:6      | Reached skill level 10 in Armour
  5224 | D:6      | Found an ornate altar of the Wu Jian Council.
  5227 | D:6      | Reached XP level 9. HP: 81/81 MP: 8/8
  5786 | D:7      | Noticed Duvessa
  5798 | D:7      | Noticed Dowan
  5811 | D:7      | Killed Dowan
  5818 | D:7      | Killed Duvessa
  5995 | D:7      | Found a staircase to the Ecumenical Temple.
  5995 | D:7      | Noticed Pikel
  6009 | D:7      | Killed Pikel
  6010 | D:7      | Reached skill level 11 in Armour
  6192 | D:7      | Found a flagged portal.
  6216 | D:7      | Found a shimmering altar of Xom.
  6243 | D:7      | Noticed Prince Ribbit
  6260 | D:7      | Killed Prince Ribbit
  6297 | D:7      | Found a sand-covered staircase.
  6369 | D:7      | Noticed a two-headed ogre
  6373 | D:7      | Killed a two-headed ogre
  6374 | D:7      | Reached skill level 12 in Armour
  6613 | D:8      | Reached XP level 10. HP: 16/91 MP: 9/9
  6625 | D:8      | Reached skill level 10 in Axes
  7013 | D:8      | Noticed Psyche
  7013 | D:8      | Paralysed by Psyche for 4 turns
  7019 | D:8      | Killed Psyche
  7020 | D:8      | Reached skill level 10 in Fighting
  7254 | D:8      | Reached ***** piety under Trog
  7255 | D:8      | Reached skill level 1 in Shields
  7637 | D:8      | Reached skill level 13 in Armour
  7819 | D:9      | Noticed a two-headed ogre
  7829 | D:9      | Killed a two-headed ogre
  8141 | D:3      | Bought a +3 chain mail of cold resistance for 291 gold
                  | pieces
  8368 | D:9      | Noticed a two-headed ogre
  8375 | D:9      | Killed a two-headed ogre
  8376 | D:9      | Reached XP level 11. HP: 101/101 MP: 10/10
  8431 | D:9      | Noticed a two-headed ogre
  8439 | D:9      | Killed a two-headed ogre
  8440 | D:9      | Reached skill level 5 in Shields
  8804 | D:9      | Found an opulent altar of Gozag.
  9101 | D:10     | Entered Level 10 of the Dungeon
  9124 | D:10     | Found a staircase to the Orcish Mines.
  9139 | D:10     | Reached skill level 1 in Maces & Flails
  9529 | D:10     | Noticed Snorg
  9547 | D:10     | Slain by Snorg

Illustrated notes

Levels and vault maps discovered:
D:1:      minmay_arrival_cross, layout_basic, kennysheep_nondescript,
          st_stairs_4
D:2:      layout_loops_cross, dreamdust_wishing_well, uniq_sigmund
D:3:      layout_rooms, serial_glass, glass_columns_b, glass_columns_c,
          serial_shops, shop
D:4:      layout_layer_cave, nicolae_overflow_hidden_temple
D:5:      layout_rooms, mainiacjoe_overflow_six_doors_small, minitemple
D:6:      layout_loops_ring, kennysheep_little_box,
          nicolae_shop_overcharged_wands, uniq_menkaure
D:7:      layout_cave_pools, general_overflow_altar,
          minmay_temple_entry_statues_pillars, nicolae_ossuary_entry_giza,
          enter_bailey_6, uniq_duvessa, uniq_prince_ribbit1, uniq_pikel
D:8:      layout_basic, uniq_psyche
D:9:      layout_long_grid, nicolae_gozag_cash_rules_everything_around_me,
          lightli_orcish_oven
D:10:     layout_roguey, slow_altar_1, dpeg_lair_monsters,
          kennysheep_orc_monster_closet_entryway, uniq_snorg, uniq_harold,
          uniq_erolcha

Skill      XL: |  1  2  3  4  5  6  7  8  9 10 11 |
---------------+----------------------------------+-----
Armour         | 3 5 6 8 10 12 13 | 13.6
Fighting       | 4 5 6 7 9 10 11 | 11.1
Axes           | 4 5 6 7 9 11 | 11.9
Shields        | 4 6 |  6.1
Maces & Flails | 2 |  2.0
Dodging        | |  2.1

Action                     |  1- 3 |  4- 6 |  7- 9 | 10-12 || total
---------------------------+-------+-------+-------+-------++-------
  Melee: Hand axe          |    58 |       |     3 |    55 ||   116
         Headbutt          |    10 |    17 |    30 |    38 ||    95
         Halberd           |       |    93 |    85 |       ||   178
         Glaive            |       |       |   117 |    67 ||   184
         Morningstar       |       |       |       |    78 ||    78
 Invoke: Trog's Hand       |       |       |     1 |       ||     1
         Berserk           |       |       |     1 |     4 ||     5
    Use: Scroll            |     2 |     4 |     3 |     1 ||    10
 Armour: Ring mail         |    33 |    35 |       |       ||    68
         Plate armour      |       |    16 |   156 |    45 ||   217
         Scale mail        |       |     4 |       |       ||     4
         Chain mail        |       |       |       |    70 ||    70
  Dodge: Dodged            |    42 |    66 |   118 |    81 ||   307
  Block: Tower shield      |       |       |       |   162 ||   162
         Reflection        |       |       |       |     6 ||     6
